 Dungeon Crawl Stone Soup version 0.30-a0-778-g2ef04afb54 (webtiles) character file.

Game seed: 13642319877659382969

2384 Pooter the Cleaver (level 9, -4/81 HPs)
             Began as a Minotaur Berserker on Feb 17, 2023.
             Was a Believer of Trog.
             Killed from afar by an electric eel (10 damage)
             ... with a bolt of electricity
             ... on level 7 of the Dungeon.
             The game lasted 00:27:08 (5599 turns).

Pooter the Cleaver (Minotaur Berserker)             Turns: 5599, Time: 00:27:09

Health: -4/81      AC: 12    Str: 25    XL:     9   Next: 22%
Magic:  8/8        EV: 22    Int:  4    God:    Trog [**....]
Gold:   178        SH:  0    Dex: 11    Spells: 8/8 levels left

rFire   . . .      SeeInvis .    a - +3 trident
rCold   . . .      Faith    .    (no shield)
rNeg    . . .      Spirit   .    j - +0 plate armour
rPois   .          Reflect  .    (helmet restricted)
rElec   .          Harm     .    (no cloak)
rCorr   +          Rampage  .    (no gloves)
Will    .....                    (no boots) Stlth
                                 p - amulet of the acrobat
HPRegen 0.33/turn                n - +4 ring of slaying
MPRegen 0.11/turn                C - ring of resist corrosion

@: on berserk cooldown, acrobatic, slowed, very slow
A: horns 2, retaliatory headbutt
a: Renounce Religion, Berserk, Trog's Hand


You were on level 7 of the Dungeon.
You worshipped Trog.
Trog was pleased with you.
You visited 1 branch of the dungeon, and saw 7 of its levels.

You collected 363 gold pieces.
You spent 185 gold pieces at shops.

Inventory:

Hand Weapons
 a - a +3 trident (weapon)
   (You took it off an orc on level 5 of the Dungeon)
 b - a +0 sling
   (You found it on level 3 of the Dungeon)
 w - a +0 hand axe
 A - a +1 whip of flaming
   (You took it off Pikel on level 6 of the Dungeon)
Missiles
 e - 13 poisoned darts (quivered)
 Q - 40 stones
Armour
 j - a +0 plate armour (worn)
   (You found it on level 2 of the Dungeon)
Jewellery
 n - a +4 ring of slaying (left hand)
   (You found it on level 3 of the Dungeon)
 p - an amulet of the acrobat (around neck)
   (You found it on level 2 of the Dungeon)
 C - a ring of resist corrosion (right hand)
   (You found it on level 3 of the Dungeon)
Wands
 q - a wand of roots (3)
   (You took it off Ijyb on level 4 of the Dungeon)
Scrolls
 d - 3 scrolls of poison {!r}
 g - 3 scrolls of blinking
 h - a scroll of noise {!r}
 i - 2 scrolls of amnesia {unknown}
 l - a scroll of fog
 r - 2 scrolls of magic mapping {unknown}
 t - 2 scrolls of teleportation {@r4}
 u - a scroll of fear {unknown}
 v - 4 scrolls of immolation {unknown}
 y - a scroll of silence {unknown}
Potions
 c - 4 potions of mutation {!q}
 f - 3 potions of lignification {unknown}
 k - a potion of invisibility {unknown}
 m - 3 potions of ambrosia {unknown}
 o - a potion of degeneration {unknown}
 s - 3 potions of heal wounds {@q2}
 z - a potion of haste {@q3}


   Skills:
 + Level 7.9 Fighting
 + Level 8.7 Axes
 * Level 7.7 Ranged Weapons
 + Level 6.5 Armour
 - Level 2.1 Dodging


You had 8 spell levels left.
You didn't know any spells.
Your spell library was empty.

Dungeon Overview and Level Annotations

Branches:
Dungeon (7/15)             Temple (0/1) D:4

Altars:
Elyvilon
Gozag
Kikubaaqudgha
Okawaru
Wu Jian
Zin
The Shining One

Shops:
D:2 ??[

Annotations:
D:5 2 transporters, jimonade's ghost, novice OgGl


Innate Abilities, Weirdness & Mutations

You have a pair of horns on your head.
You reflexively headbutt those who attack you in melee.


Message History

The sling bullet burns you.
* * * LOW HITPOINT WARNING * * *
A red film seems to cover your vision as you go berserk!
You feel yourself moving faster!
You feel mighty!
The grasping roots constrict Joseph!
The roots release their grip on Joseph.
Joseph shoots a sling bullet.
The sling bullet hits you!
* * * LOW HITPOINT WARNING * * *
The sling bullet burns you.
* * * LOW HITPOINT WARNING * * *
An electric eel comes into view.
You feel a strong urge to attack something.
An electric eel comes into view.
Joseph shoots a sling bullet.
The sling bullet closely misses you.
The electric eel moves out of view.
You completely miss Joseph. You headbutt Joseph!
The electric eel shoots out a bolt of lightning at you!
The bolt of electricity hits you.
* * * LOW HITPOINT WARNING * * *
Joseph unwields a +4 sling of flaming.
It stops flaming.
Joseph wields a +0 quarterstaff.
Joseph hits you with a +0 quarterstaff.
* * * LOW HITPOINT WARNING * * *
You barely miss Joseph.
An electric eel comes into view.
You barely miss Joseph. Joseph barely misses you. You furiously retaliate!
You headbutt Joseph! You impale Joseph!!
You kill Joseph!
Trog accepts your kill.
The orc wizard points at you and mumbles some strange words.
The puff of flame misses you.
Unknown command.
You feel a strong urge to attack something.
You are no longer berserk.
You are exhausted.
You feel yourself slow down. The orc wizard casts a spell at you.
The puff of flame hits you!
* * * LOW HITPOINT WARNING * * *
The orc wizard mumbles some strange words.
The orc wizard flickers and vanishes!
Deactivating autopickup; reactivate with Ctrl-A.
The electric eel shoots out a bolt of lightning at you!
The bolt of electricity hits you.
* * * LOW HITPOINT WARNING * * *
The electric eel shoots out a bolt of lightning at you!
The bolt of electricity hits you.
* * * LOW HITPOINT WARNING * * *
The electric eel shoots out a bolt of lightning at you!
The bolt of electricity hits you!
You die...

#........# ~
#........# P~
♣........# ♣~
#.....(.##
P~~♣##.....#.####
♣~...{...#.....
♣S........##.#
♣S)..........#
≈≈PP~♣.....@....##
≈≈≈ ♣.##....##...#
≈ ♣......## ..
♣.......#
~~.......#
~♣♣...[...#
~~.......#
♣......!.#.


You could see 2 electric eels.

Vanquished Creatures
  Pikel (D:6)
  Joseph (D:7)
  Grinder (D:5)
  A water moccasin (D:6)
  2 ice beasts
  An ogre (D:6)
  A bullfrog (D:6)
  A necrophage (D:5)
  A scorpion (D:6)
  3 howler monkeys
  An orc priest (D:6)
  6 hounds
  A gnoll bouda (D:6)
  2 jellies
  Ijyb (D:4)
  Jessica (D:2)
  5 iguanas
  An orc wizard (D:6)
  5 gnolls (D:6)
  8 adders
  2 shadow imps (D:6)
  3 worms
  3 dart slugs
  6 orcs
  10 endoplasms
  5 giant cockroaches
  8 goblins
  6 hobgoblins
  4 jackals (D:3)
  8 kobolds
  6 quokkas
  6 ball pythons
  4 frilled lizards
  2 rats (D:1)
117 creatures vanquished.

Vanquished Creatures (others)
  A plant (D:7)
1 creature vanquished.

Grand Total: 118 creatures vanquished

Notes
Turn   | Place    | Note
-------+----------+-------------------------------------------
     0 | D:1      | Pooter the Minotaur Berserker began the quest for the Orb.
     0 | D:1      | Reached XP level 1. HP: 19/19 MP: 0/0
   134 | D:1      | Reached skill level 4 in Axes
   173 | D:1      | Reached XP level 2. HP: 24/27 MP: 1/1
   633 | D:2      | Found Amioxih's Magic Scroll Shop.
   636 | D:2      | Bought a scroll of identify for 24 gold pieces
   636 | D:2      | Bought a scroll of identify for 24 gold pieces
   636 | D:2      | Bought a scroll of identify for 24 gold pieces
   806 | D:2      | Reached XP level 3. HP: 33/33 MP: 2/2
   870 | D:2      | Reached ** piety under Trog
   890 | D:2      | Reached skill level 5 in Axes
   932 | D:2      | Noticed Jessica
   939 | D:2      | Killed Jessica
   940 | D:2      | Reached XP level 4. HP: 39/41 MP: 3/3
  1092 | D:2      | Found Sizoromn's Armour Boutique.
  1305 | D:2      | Found Oleaffu's Magic Scroll Boutique.
  1313 | D:2      | Bought a scroll of identify for 26 gold pieces
  1740 | D:2      | Bought a scroll of teleportation for 39 gold pieces
  1901 | D:3      | Reached skill level 6 in Axes
  1901 | D:3      | Reached XP level 5. HP: 41/47 MP: 4/4
  1974 | D:3      | Reached skill level 5 in Fighting
  2129 | D:3      | Found a glowing silver altar of Zin.
  2209 | D:4      | Noticed Ijyb
  2220 | D:4      | Killed Ijyb
  2221 | D:4      | Reached skill level 1 in Ranged Weapons
  2332 | D:2      | Bought a scroll of poison for 48 gold pieces
  2402 | D:4      | Found a staircase to the Ecumenical Temple.
  2655 | D:4      | Reached XP level 6. HP: 56/56 MP: 5/5
  2713 | D:5      | Entered Level 5 of the Dungeon
  2746 | D:5      | Found a white marble altar of Elyvilon.
  2862 | D:5      | Found an opulent altar of Gozag.
  2943 | D:5      | Noticed Grinder
  2962 | D:5      | Killed Grinder
  2962 | D:5      | Reached *** piety under Trog
  2963 | D:5      | Reached skill level 7 in Axes
  2963 | D:5      | Reached XP level 7. HP: 47/63 MP: 6/6
  3020 | D:5      | Found a transporter.
  3020 | D:5      | Noticed jimonade's ghost (novice OgGl)
  3021 | D:5      | Found a transporter.
  3852 | D:6      | Reached skill level 5 in Ranged Weapons
  3852 | D:6      | Reached XP level 8. HP: 43/71 MP: 7/7
  4010 | D:6      | Identified the +1 mace of the Original Sin {freeze, rF+}
  4129 | D:6      | Reached skill level 5 in Armour
  4399 | D:6      | Found a glowing golden altar of the Shining One.
  4560 | D:6      | Found an iron altar of Okawaru.
  4590 | D:6      | Found an ancient bone altar of Kikubaaqudgha.
  4711 | D:6      | Noticed Pikel
  4716 | D:6      | Killed Pikel
  4717 | D:6      | Reached skill level 8 in Axes
  5107 | D:6      | Reached XP level 9. HP: 38/79 MP: 8/8
  5469 | D:6      | Found an ornate altar of the Wu Jian Council.
  5582 | D:7      | Noticed Joseph
  5595 | D:7      | Killed Joseph
  5599 | D:7      | Killed from afar by an electric eel

Illustrated notes

Levels and vault maps discovered:
D:1:      minmay_arrival_radiant_lines, layout_rooms, minmay_pentomino_u2
D:2:      layout_basic, serial_shops, nicolae_shop_window_shopping, shop, shop,
          kennysheep_generic_room_14, uniq_jessica
D:3:      layout_rooms, zin_scriptorium
D:4:      layout_rooms, minmay_temple_entry_tees, hex_intersection, uniq_ijyb
D:5:      layout_basic, elyvilon_altar_5, grunt_gozag_breadcrumbs,
          gammafunk_ghost_smash, uniq_grinder
D:6:      layout_basic, mainiacjoe_overflow_catwalk,
          mainiacjoe_overflow_two_lobes, nicolae_wu_jian_immortal_techniques,
          uniq_pikel
D:7:      layout_cave_pools, ebering_ghost_disaster_area,
          hangedman_decor_opposing, eino_small_chamber_without_monster,
          nicolae_stop_n_shop_1, serial_bayou_lake_a, uniq_joseph, uniq_maggie

Skill      XL: |  1  2  3  4  5  6  7  8 |
---------------+-------------------------+-----
Axes           | 4 5 6 7 8 |  8.7
Fighting       | 4 5 6 7 |  7.9
Ranged Weapons | 1 3 5 7 |  7.7
Armour         | 3 4 6 |  6.5
Dodging        | |  2.1

Action                     |  1- 3 |  4- 6 |  7- 9 || total
---------------------------+-------+-------+-------++-------
  Melee: Hand axe          |    69 |   105 |       ||   174
         Headbutt          |     5 |    15 |    13 ||    33
         Punch             |     1 |     1 |     1 ||     3
         Trident           |       |    16 |   104 ||   120
   Fire: Sling             |       |    25 |    20 ||    45
  Throw: Dart              |     4 |     1 |     2 ||     7
 Invoke: Berserk           |     1 |     1 |     4 ||     6
         Trog's Hand       |       |       |     1 ||     1
  Evoke: Wand              |       |     1 |     4 ||     5
    Use: Scroll            |     4 |     2 |       ||     6
         Potion            |       |       |     2 ||     2
   Stab: Sleeping          |     1 |       |       ||     1
 Armour: Plate armour      |    14 |    49 |    42 ||   105
         Ring mail         |     4 |       |       ||     4
         Leather armour    |     2 |       |       ||     2
  Dodge: Dodged            |    39 |    51 |    35 ||   125

Table legend: (Time is in decaauts)
 A = Elapsed time spent in this place.
 B = Non-inter-level travel time spent in this place.
 C = Inter-level travel time spent in this place.
 D = Time resting spent in this place.
 E = Time spent auto-exploring this place.
 F = Levels seen in this place.
 G = Mean time per level.
                   A        B        C        D        E       F      G
               +--------+--------+--------+--------+--------+-----+--------+
         Total |   5673 |   5379 |    294 |    788 |   3571 |   7 |  810.4 |
       Dungeon |   5673 |   5379 |    294 |    788 |   3571 |   7 |  810.4 |
               +--------+--------+--------+--------+--------+-----+--------+

Top non-repeatable levels by time:
     D:6: 1872 daAuts
     D:2: 1215 daAuts
     D:5: 1040 daAuts
     D:1: 567 daAuts
     D:3: 506 daAuts
     D:4: 458 daAuts
     D:7: 13 daAuts
